[Event "British Championship 2024"]
[Site "Hull"]
[Date "2024.08.01"]
[Round "6.5"]
[White "Conquest, Stuart C"]
[Black "Kanyamarala, Tarun"]
[Result "1/2-1/2"]
[Annotator "TA"]
[ECO "D40"]
[WhiteElo "2510"]
[BlackElo "2333"]
[PlyCount "69"]
[EventDate "2024.07.31"]
[EventCountry "GBR"]
[SourceTitle "playchess.com"]
[Source "ChessBase"]
[SourceQuality "1"]
[TimeControl "40/5400+30:1800+30"]

1. d4 Nf6 2. c4 e6 3. Nf3 d5 4. Nc3 c5 5. e3 Nc6 6. a3 dxc4 7. Bxc4 a6 8. O-O b5 9. Ba2 Bb7 10. Qe2 cxd4 11. Rd1 $1 b4 12. axb4 Bxb4 {[%emt 0:01:23][%cal Od4d3] The position is equal.} 13. exd4 {[%emt 0:00:46] d5 would now be deadly.} Ne7 14. Bg5 {[%emt 0:08:50] Bxf6 is the strong threat.} O-O 15. Bb1 (15. Bxf6 $14 gxf6 16. d5 exd5 17. Nh4 Bxc3 18. bxc3) 15... Ned5 $11 16. Qd3 {[%emt 0:03:59] Black must now prevent Nxd5.} Re8 (16... g6 $1 $11) 17. Nxd5 $16 Qxd5 (17... exd5 $16 18. Bxf6 Qxf6) 18. Bxf6 $18 gxf6 19. Qxh7+ Kf8 20. Nh4 $1 {[%emt 0:11:29][%cal Ob1g6] aiming for Bg6!} Ke7 21. Ng6+ Kd6 22. Nf4 (22. Qxf7 $2 Qxg2#) 22... Qg5 {[%emt 0:00:35] [#]} 23. g3 {[%emt 0:04:15] Threatens to win with d5.} (23. Qxf7 $2 Re7 24. Qg6 Qxf4 $19) 23... Qg4 (23... Bd5 {keeps fighting.} 24. Nxd5 (24. Qxf7 Re7 $18) 24... exd5) 24. Ba2 (24. Be4 $142 Rh8 25. Qxf7 Bxe4 26. Rdc1) 24... Bf3 (24... Qf5 25. Qxf5 (25. Qxf7 Re7 $18) 25... exf5 26. Bxf7 Re7) 25. Rd3 $2 ({White has to play} 25. d5 $18 e5 26. Qxf7 (26. h3 Qg8 $11) 26... exf4 27. Qxf6+ Kd7 28. Qc6+ Ke7 29. Qc7+ (29. Qb7+ Kf6 $16) 29... Kf6 30. Rd4 (30. Qxf4+ $2 Qxf4 31. Rdc1 Qf5 $19)) 25... Rh8 $1 $11 26. Qxf7 Rxh2 $1 27. Rxf3 $40 {[%emt 0:00:31][%cal Ra2e6][%mdl 128] Black needs to defend precisely.} (27. Kxh2 Rh8+) 27... Rah8 $1 {[%emt 0:00:07] ( -> ...Rh1+)} 28. Kf1 $1 (28. Qxe6+ $2 Qxe6 29. Re3 Rh1+ 30. Kg2 Qxe3 (30... Rxa1 $2 31. Rxe6+ Kd7 32. Rxa6 $18) 31. fxe3 R8h2+ (31... Rxa1 $2 32. Bf7 $19) 32. Kf3 Rxa1 $19) (28. Ra3 $2 Rh1+ 29. Kg2 R8h2#) 28... R2h7 $2 (28... Rh1+ $11 29. Ke2 Rxa1) 29. Qxf6 $2 (29. Qxe6+ Qxe6 30. Bxe6 (30. Nxe6 $2 Rh1+ 31. Ke2 Rxa1 $19) 30... Rh1+ 31. Ke2 Rxa1 $15) (29. Bxe6 $18 {[%cal Ra1a6] is the precise move to win.} a5 30. Qxf6 (30. Bxg4 Rxf7 31. Kg2 Bd2 $18) (30. Qxh7 Rxh7 31. Bxg4 Rh1+ 32. Ke2 Rxa1 $18)) 29... Rh1+ $2 (29... Qxf3 $16 30. Qxe6+ Kc7 31. Qc4+ (31. Qxa6 $2 Rh1#) 31... Kd7 32. Qe6+ (32. Qxb4 $2 Rh1#) 32... Kc7 33. Qc4+ (33. Qxa6 $2 Rh1#) 33... Kd7 34. Qe6+ (34. Qxb4 $2 Rh1#) 34... Kc7) 30. Ke2 $18 Rxa1 31. Nd3 {[%emt 0:00:54] Repels Re1+} (31. Qxh8 Re1+ (31... Rxa2 $2 32. Qf8+ Kd7 33. Qxb4 $18) 32. Kd3 Qxf3+ 33. Kc4 Ba5 34. Qb8+ (34. Qf8+ Kd7 $11) 34... Kd7 35. Qa7+ Bc7 $11) (31. Qe5+ $18 Kc6 32. Nd3 (32. Qxh8 Re1+ 33. Kd3 Qf5+ 34. Kc4 Rc1+ 35. Kxb4 Qb5+ 36. Ka3 Qa5+ 37. Kb3 Qb5+ 38. Ka3 Qa5+ 39. Kb3 Qb6+ 40. Ka4 Qb5+ 41. Ka3 $11) (32. Qxe6+ Qxe6+ 33. Bxe6 Re1+ 34. Kd3 Kd6 $14)) 31... Qe4+ $16 32. Re3 Qg4+ 33. Rf3 {[%emt 0:00:26] The board is on fire.} Qe4+ 34. Re3 Qg4+ {[%emt 0:00:01] [#]} 35. Rf3 {[%emt 0:00:16] Weighted Error Value: White=0.88/Black=0.53.  Loses game:     	---       	Black=2      Missed win:     	White=2     	---        Mistake:       	White=3     	Black=4      Inaccurate:     	---       	Black=1      OK:         	White=8     	Black=6      Best:        	White=3     	Black=3      Strong:       	White=3     	Black=3} (35. f3 $1 $16 Rh2+ (35... Qxg3 $2 {too greedy.} 36. Rxe6+ Kd7 37. Ne5+ $18) 36. Nf2 Re1+ (36... Qxg3 37. Rxe6+ Kc7 38. Qf7+) 37. Kd3 Qf5+ (37... Rxf2 $2 {perishes.} 38. Qe5+ Kc6 39. fxg4 $18) 38. Ne4+ Kc7 39. Rxe1 Bxe1 40. Qe7+ Kb8 41. Qd6+ Ka7 42. Ke3) 1/2-1/2

[Event "British Championship 2024"]
[Site "Hull"]
[Date "2024.08.01"]
[Round "6.6"]
[White "Bazakutsa, Svyatoslav"]
[Black "Pein, Malcolm"]
[Result "1-0"]
[Annotator "TA"]
[ECO "A23"]
[WhiteElo "2470"]
[BlackElo "2274"]
[PlyCount "109"]
[EventDate "2024.07.31"]
[EventCountry "GBR"]
[SourceTitle "playchess.com"]
[Source "ChessBase"]
[SourceQuality "1"]
[TimeControl "40/5400+30:1800+30"]

1. c4 e5 2. g3 Nf6 3. Bg2 Bc5 4. Nc3 c6 5. Nf3 e4 6. Nh4 {[%emt 0:00:17] A23: English Opening: 1...e5 2 Nc3 Nf6 3 g3 c6.} d5 7. cxd5 cxd5 8. d3 Ng4 9. d4 Be7 10. f3 Bxh4 $146 (10... exf3 $1 $11 11. Nxf3 O-O) ({Predecessor:} 10... exf3 11. Nxf3 Nc6 12. O-O Be6 13. a3 h6 14. Bf4 O-O 15. Rc1 Rc8 16. b4 a5 {1-0 Malewicz,F-Bauer,R Freechess-ch 18619-G9 2015}) 11. fxg4 $14 Be7 12. Qb3 Nc6 13. Nxd5 (13. Qxd5 $16 Bxg4 14. e3) 13... O-O (13... Be6 $5 14. Bxe4 (14. Qxb7 $2 Bxd5 15. O-O Rb8 $19) 14... Nb4 15. Qa4+ Bd7 $11) 14. Bxe4 (14. e3 {simplifies} Bxg4 15. O-O Kh8 16. Nxe7 Qxe7 17. Bd2) 14... Re8 (14... Nxd4 15. Qd3 Nc6 16. Bxh7+ Kh8 17. Bf5 $16) 15. O-O Nxd4 16. Qd3 Bc5 (16... Nxe2+ $1 $11 {remains equal.} 17. Qxe2 Bc5+ 18. Kh1 Qxd5 19. Bxd5 Rxe2) 17. e3 $16 (17. Bxh7+ Kh8 18. Ne3 Qb6 19. Rxf7 Nxe2+ 20. Qxe2 Kxh7 $19 (20... Bxe3+ 21. Bxe3 Rxe3 22. Rf8+ Kxh7 23. Qc2+ Kh6 24. Qd2 $11)) 17... Ne2+ 18. Kg2 $1 (18. Qxe2 Rxe4 19. Qd3 Re8 $17 (19... Rxg4 $2 20. Nf6+ Qxf6 21. Rxf6 $18)) 18... Bxg4 19. Bxh7+ Kh8 {[%emt 0:00:24] [#]} 20. Bf5 $1 (20. Rxf7 $6 Be6 21. Rf5 Nxc1 22. Rxc1 Bxe3 $11) 20... Qg5 21. Bxg4 Qxg4 {[%emt 0:00:02] [#]} 22. Qf5 $1 Qxf5 23. Rxf5 Rad8 (23... Nxc1 $16 {is a better defense.} 24. Rxc1 Bxe3) 24. Rh5+ (24. Nc7 $18 Bxe3 25. Nxe8 Bxc1 26. Nc7) 24... Kg8 $16 25. Kf3 (25. Nc7 $16 Nxc1 26. Nxe8 (26. Rxc5 Rd2+ 27. Kf3 Nd3 $17) 26... Rd2+ (26... Bxe3 $2 {loses.} 27. Nc7 $18) 27. Kf3) 25... Ng1+ $2 ({Black should try} 25... Nxc1 $1 $14 26. Rxc1 b6) 26. Kf2 $18 Re6 (26... f5 {might work better.}) 27. Kxg1 $18 g6 28. Rg5 Bf8 29. e4 Bg7 30. Rg4 f5 31. Rf4 fxe4 32. Ne3 Rd3 33. Kg2 Bh6 34. Ng4 Bxf4 35. Bxf4 ({And not} 35. gxf4 e3 36. Bxe3 Rexe3 37. Nxe3 Rxe3 $14) 35... Rc6 36. Rf1 Rc2+ 37. Rf2 Rxf2+ 38. Kxf2 Kg7 39. Ke2 a5 40. Nf2 Rd5 41. Nxe4 Rb5 (41... b5 $142 42. Nc3 Rh5) 42. Kd3 $18 a4 43. Kc4 Rb6 44. a3 Kf7 45. Be5 Ke6 46. Nc5+ Kf5 47. Bc3 Kg4 48. Nxa4 Rc6+ 49. Kb5 Kh3 50. Nc5 Rc7 51. Be5 Rf7 52. Kb6 Rf5 53. Bd6 Rf2 54. b4 Rxh2 55. a4 1-0

[Event "British Championship 2024"]
[Site "Hull"]
[Date "2024.08.01"]
[Round "6.7"]
[White "Yao, Lan"]
[Black "Gasanov, Eldar"]
[Result "0-1"]
[Annotator "TA"]
[ECO "C70"]
[WhiteElo "2325"]
[BlackElo "2469"]
[PlyCount "158"]
[EventDate "2024.07.31"]
[EventCountry "GBR"]
[SourceTitle "playchess.com"]
[Source "ChessBase"]
[SourceQuality "1"]
[TimeControl "40/5400+30:1800+30"]

1. e4 e5 2. Nf3 Nc6 3. Bb5 a6 4. Ba4 Bc5 5. c3 Nge7 6. d4 exd4 7. cxd4 Bb4+ 8. Nc3 d5 9. e5 Bg4 10. a3 Ba5 11. Be3 b5 12. Bc2 Bb6 13. Qd3 Qd7 14. Nh4 Ng6 15. Nxg6 hxg6 16. Bb3 Nxe5 17. dxe5 d4 18. Bd2 dxc3 19. Qxd7+ Kxd7 20. Bxc3 Be6 21. Rd1+ Ke7 22. Bxe6 Kxe6 23. Ke2 Rad8 24. h3 g5 25. Kf3 Rxd1 26. Rxd1 Rh4 27. Ke2 a5 28. f3 b4 (28... Rc4 $15) 29. axb4 $11 axb4 30. Bd2 $1 Kf5 31. Be3 Bxe3 (31... Kxe5 32. Bxg5 Rd4 33. b3 $11) 32. Kxe3 Rc4 33. Rd7 Ke6 34. Rd4 Rc2 35. Rxb4 Rxg2 36. Rc4 Rxb2 37. Rxc7 Rh2 (37... Kxe5 38. Rxf7 g6 39. Ra7 $11) 38. Ke4 $1 Rxh3 39. Rc6+ Kd7 40. Ra6 g6 41. Ra7+ Ke6 42. Ra6+ Ke7 43. Ra7+ Kf8 44. Ra8+ Kg7 45. Ra7 Rh4+ 46. Ke3 Kf8 47. Rb7 Ra4 48. Rc7 Ra6 49. Rb7 Re6 50. Kd4 Re7 51. Rb8+ Kg7 52. Ra8 Rb7 53. Ke4 Rb4+ 54. Ke3 g4 55. fxg4 Rxg4 56. Ra7 Kf8 57. Kf3 Rg5 58. Ke4 Rg1 59. Rb7 (59. Ra8+ $1 $15 Kg7 60. Kf3) 59... Re1+ $1 $19 60. Kf4 (60. Kd5 $17) 60... Rf1+ $1 $19 61. Ke4 $2 (61. Kg3 $17 {is tougher.}) 61... Kg7 $1 $19 62. Kd5 (62. e6 $142 Re1+ 63. Kf4 (63. Kd5 $2 Rxe6 64. Kd4 g5 $19) 63... Rxe6 64. Kg3) 62... Rd1+ $2 (62... Kh6 $1 $19 {[%cal Rh6h5] ( -> ...Kh5)} 63. e6 fxe6+ 64. Kxe6 g5) 63. Ke4 $15 Rf1 $2 (63... Ra1 $15) 64. Kd5 $1 Kh6 $1 65. Kd6 g5 66. Rb8 g4 67. Rg8 Kh5 68. Rg7 Rf5 69. Kd5 Kh4 70. Ke4 Rf1 71. Rh7+ Kg3 72. Rg7 Kh3 73. Rh7+ {[%emt 0:00:40] [#]} Kg2 $1 74. Rg7 g3 75. Ke3 Kh2 76. Rh7+ {[%emt 0:00:22] [#]} Kg1 $1 77. Rg7 g2 78. Ke4 Rf2 79. Ke3 Kf1 0-1

[Event "British Championship 2024"]
[Site "Hull"]
[Date "2024.08.01"]
[Round "6.8"]
[White "Han, Yichen"]
[Black "Balaji, Aaravamudhan"]
[Result "0-1"]
[Annotator "RC"]
[ECO "B06"]
[WhiteElo "2414"]
[BlackElo "2346"]
[PlyCount "72"]
[EventDate "2024.07.31"]
[EventCountry "GBR"]
[SourceTitle "playchess.com"]
[Source "ChessBase"]
[SourceQuality "1"]
[TimeControl "40/5400+30:1800+30"]

1. d4 d6 2. Nc3 g6 3. h4 h5 4. e4 Bg7 5. Nf3 Nf6 6. Ng5 O-O 7. Be2 Nc6 8. f3 e5 9. dxe5 dxe5 10. Qxd8 Rxd8 11. Bc4 Rd7 12. Nd1 Ne8 13. c3 Na5 14. Be2 f6 15. Nh3 Rd8 16. b4 Nc6 17. Bc4+ Kh7 18. a3 Nd6 19. Ba2 a5 20. Ne3 axb4 21. cxb4 Nd4 22. Kf2 N6b5 23. g4 Nc3 24. gxh5 gxh5 25. Bf7 Bh6 26. Nd5 Bxc1 27. Raxc1 Nxd5 28. exd5 Rxa3 29. Bxh5 Ra2+ 30. Ke1 Nc2+ 31. Kd2 Rxd5+ 32. Kc3 Nd4 33. Bf7 Ne2+ 34. Kb3 Rdd2 35. Rb1 Nd4+ 36. Kc4 b5+ 0-1

[Event "British Championship 2024"]
[Site "Hull"]
[Date "2024.08.01"]
[Round "6.9"]
[White "Derakhshani, Borna"]
[Black "Lutsko, Artem"]
[Result "1/2-1/2"]
[Annotator "RC"]
[ECO "C95"]
[WhiteElo "2355"]
[BlackElo "2414"]
[PlyCount "79"]
[EventDate "2024.07.31"]
[EventCountry "GBR"]
[SourceTitle "playchess.com"]
[Source "ChessBase"]
[SourceQuality "1"]
[TimeControl "40/5400+30:1800+30"]

1. e4 e5 2. Nf3 Nc6 3. Bb5 a6 4. Ba4 Nf6 5. O-O Be7 6. Re1 b5 7. Bb3 d6 8. c3 O-O 9. h3 Nb8 10. d4 Nbd7 11. Nbd2 Bb7 12. Bc2 c5 13. d5 c4 14. b3 cxb3 15. axb3 Qc7 16. Bb2 Rfb8 17. Nb1 a5 18. b4 Nb6 19. Na3 Ba6 20. Qe2 Qd7 21. Bc1 Na4 22. Bd2 axb4 23. cxb4 Bd8 24. Rec1 Ne8 25. Rab1 Nb6 26. Bd3 Nc8 27. Ra1 Na7 28. Ra2 Bb6 29. Be3 Qb7 30. Nd2 Bxe3 31. Qxe3 Qb6 32. Qxb6 Rxb6 33. Nb3 Kf8 34. Rca1 Rc8 35. Nb1 Nc7 36. Nc3 Ke7 37. Kf1 Kd8 38. Ke1 Rcb8 39. Be2 Nc8 40. Kd2 1/2-1/2

[Event "British Championship 2024"]
[Site "Hull"]
[Date "2024.08.01"]
[Round "6.11"]
[White "Grieve, Harry"]
[Black "Merriman, John"]
[Result "1-0"]
[Annotator "TA"]
[ECO "C11"]
[WhiteElo "2470"]
[BlackElo "2251"]
[PlyCount "45"]
[EventDate "2024.07.31"]
[EventCountry "GBR"]
[SourceTitle "playchess.com"]
[Source "ChessBase"]
[SourceQuality "1"]
[TimeControl "40/5400+30:1800+30"]

1. e4 e6 2. d4 d5 3. Nc3 Nf6 4. e5 Nfd7 5. f4 c5 6. Nf3 Nc6 7. Be3 a6 8. Ne2 b5 9. c3 b4 10. cxb4 {[%emt 0:00:07] The position is equal.} cxd4 11. Nexd4 Bxb4+ 12. Kf2 Nxd4 13. Bxd4 a5 (13... O-O $11) 14. Rc1 $16 Be7 15. h4 f6 16. Bd3 {[%emt 0:15:08] And now g3 would win. White has more active pieces.} f5 $2 {[%emt 0:10:40] Loses the game.} (16... O-O $14) 17. Ng5 $18 Nb8 $2 (17... Bxg5 18. hxg5 Nf8) 18. g4 {[%emt 0:13:04] [#] Black must now prevent gxf5.} O-O 19. gxf5 {[%emt 0:01:20] Threatening mate with Qh5.} exf5 20. Qh5 h6 {[%emt 0:00:41] [#]} 21. Qg6 $1 hxg5 (21... Bxg5 22. hxg5) 22. hxg5 Re8 23. e6 {[%emt 0:00:37] Weighted Error Value: White=0.11 (very precise) /Black=0.76.  Loses game:     	---       	Black=1      Mistake:       	---       	Black=2      Inaccurate:     	White=2     	Black=2      OK:         	White=5     	Black=2      Best:        	---       	Black=1} 1-0

[Event "British Championship 2024"]
[Site "Hull"]
[Date "2024.08.01"]
[Round "6.12"]
[White "Merry, Alan B"]
[Black "Boswell, Jacob Connor"]
[Result "1-0"]
[Annotator "RC"]
[ECO "E04"]
[WhiteElo "2429"]
[BlackElo "2274"]
[PlyCount "59"]
[EventDate "2024.07.31"]
[EventCountry "GBR"]
[SourceTitle "playchess.com"]
[Source "ChessBase"]
[SourceQuality "1"]
[TimeControl "40/5400+30:1800+30"]

1. d4 d5 2. c4 e6 3. Nf3 Nf6 4. g3 dxc4 5. Bg2 a6 6. O-O Nc6 7. e3 Rb8 8. Nfd2 e5 9. Bxc6+ bxc6 10. dxe5 Ng4 11. Nxc4 Be6 12. Nbd2 Bb4 13. Qc2 h5 14. b3 h4 15. Nf3 hxg3 16. fxg3 Bc5 17. h4 Rh5 18. Kg2 g5 19. hxg5 Qxg5 20. Nxg5 Rh2+ 21. Kf3 Rxc2 22. Nxe6 Nh2+ 23. Ke4 Nxf1 24. Nxc5 Rd8 25. Bb2 Rf2 26. Bd4 Nxg3+ 27. Kd3 Rf3 28. Nd2 Rf5 29. Rg1 Rxe5 30. Rxg3 1-0

[Event "British Championship 2024"]
[Site "Hull"]
[Date "2024.08.01"]
[Round "6.13"]
[White "Trent, Lawrence"]
[Black "Golding, Alex"]
[Result "1/2-1/2"]
[Annotator "RC"]
[ECO "A13"]
[WhiteElo "2416"]
[BlackElo "2296"]
[PlyCount "90"]
[EventDate "2024.07.31"]
[EventCountry "GBR"]
[SourceTitle "playchess.com"]
[Source "ChessBase"]
[SourceQuality "1"]
[TimeControl "40/5400+30:1800+30"]

1. c4 e6 2. Nf3 d5 3. e3 Nf6 4. b3 c5 5. Bb2 Nc6 6. cxd5 exd5 7. Bb5 Bd7 8. O-O Be7 9. d4 O-O 10. dxc5 Bxc5 11. Nc3 a6 12. Bxc6 Bxc6 13. Ne2 Re8 14. Rc1 Bd6 15. Ng3 Bb5 16. Re1 Bb4 17. Bc3 Ba3 18. Rc2 Ne4 19. Bb2 Bf8 20. a4 Bc6 21. Ne5 Nxg3 22. hxg3 Re6 23. Qd4 Be8 24. Rec1 f6 25. Nf3 Rc6 26. Qd1 Rac8 27. Nd4 Rxc2 28. Rxc2 Bg6 29. Rxc8 Qxc8 30. Qd2 h5 31. Qc1 Qxc1+ 32. Bxc1 Bb4 33. f4 Be1 34. f5 Be8 35. Kh2 Bd7 36. Kh3 g5 37. g4 h4 38. Bb2 Kf7 39. Nc2 Bd2 40. Ba3 b5 41. axb5 Bxb5 42. Bb4 Bc1 43. Bc3 Be2 44. Nb4 Bd1 45. Bd4 Bxb3 1/2-1/2

[Event "British Championship 2024"]
[Site "Hull"]
[Date "2024.08.01"]
[Round "6.14"]
[White "Hebden, Mark L"]
[Black "Banerjee, Supratit"]
[Result "1/2-1/2"]
[Annotator "RC"]
[ECO "D35"]
[WhiteElo "2398"]
[BlackElo "2115"]
[PlyCount "124"]
[EventDate "2024.07.31"]
[EventCountry "GBR"]
[SourceTitle "playchess.com"]
[Source "ChessBase"]
[SourceQuality "1"]
[TimeControl "40/5400+30:1800+30"]

1. d4 d5 2. c4 e6 3. Nc3 Be7 4. cxd5 exd5 5. Bf4 c6 6. e3 Nf6 7. Bd3 O-O 8. h3 Re8 9. Nf3 Nbd7 10. O-O Nf8 11. Ne5 N6d7 12. Nf3 Nf6 13. Qc2 Ng6 14. Bh2 Bd6 15. Bxd6 Qxd6 16. Rab1 Bd7 17. b4 Rac8 18. Rfc1 Qe7 19. Nd2 Nh5 20. Bf5 Rcd8 21. Bxd7 Qxd7 22. b5 Nh4 23. Qd1 Nf6 24. bxc6 bxc6 25. Na4 Re7 26. Nc5 Qe8 27. Nf3 Ng6 28. Qc2 Rc8 29. Rb3 Nd7 30. Nxd7 Rxd7 31. Rc3 Rdc7 32. Qa4 h6 33. R1c2 Qe6 34. Ne1 Nh4 35. Qa6 Qg6 36. Kf1 Qe6 37. Rc1 Kh8 38. Qe2 Nf5 39. Nd3 Nd6 40. R3c2 Nc4 41. Nc5 Qf6 42. Nb3 Re8 43. Kg1 Re6 44. Rc3 Qf5 45. Nd2 Nxd2 46. Qxd2 Rg6 47. Qc2 Qxc2 48. R1xc2 Rd6 49. Rb2 Kh7 50. Rb8 Kg6 51. g4 h5 52. Kg2 hxg4 53. hxg4 Kf6 54. Ra3 g6 55. Ra6 Re6 56. Kg3 c5 57. Rxe6+ Kxe6 58. dxc5 Rxc5 59. Rb2 Rc4 60. f4 Rc3 61. Kf2 Ra3 62. Rd2 f6 1/2-1/2

[Event "British Championship 2024"]
[Site "Hull"]
[Date "2024.08.01"]
[Round "6.15"]
[White "Salmons, Calum"]
[Black "Ledger, Andrew J"]
[Result "0-1"]
[Annotator "RC"]
[ECO "B17"]
[WhiteElo "1999"]
[BlackElo "2334"]
[PlyCount "110"]
[EventDate "2024.07.31"]
[EventCountry "GBR"]
[SourceTitle "playchess.com"]
[Source "ChessBase"]
[SourceQuality "1"]
[TimeControl "40/5400+30:1800+30"]

1. e4 c6 2. d4 d5 3. Nc3 dxe4 4. Nxe4 Nd7 5. Ng5 h6 6. N5f3 Ngf6 7. Bd3 e6 8. Ne2 Bd6 9. Bf4 Bxf4 10. Nxf4 O-O 11. Qd2 c5 12. c3 cxd4 13. cxd4 Qc7 14. Rc1 Qd6 15. O-O b6 16. Rfe1 Bb7 17. Ne5 g5 18. Nh3 Qd5 19. f3 Qxd4+ 20. Kh1 Kg7 21. Rc4 Qd6 22. Nxd7 Qxd7 23. Qc3 Rac8 24. Bb1 Rxc4 25. Qxc4 Qd2 26. Qe2 Qxe2 27. Rxe2 Rd8 28. Nf2 Rd4 29. Kg1 Nd5 30. Be4 Nf4 31. Rc2 Bxe4 32. Nxe4 Rd1+ 33. Kf2 Rb1 34. b3 Nd3+ 35. Kg3 f5 36. Nf2 f4+ 37. Kh3 Rc1 38. Rd2 Nxf2+ 39. Rxf2 Kg6 40. Rd2 Rc3 41. Rd7 h5 42. Rxa7 g4+ 43. Kh4 gxf3 44. gxf3 Rxf3 45. b4 Kf5 46. a4 e5 47. a5 bxa5 48. bxa5 Ra3 49. a6 Ke4 50. Kxh5 Kf3 51. Re7 e4 52. a7 e3 53. Kg5 Ra5+ 54. Kh4 e2 55. h3 Rxa7 0-1

[Event "British Championship 2024"]
[Site "Hull"]
[Date "2024.08.01"]
[Round "6.16"]
[White "Pert, Richard G"]
[Black "Williams, Simon K"]
[Result "1/2-1/2"]
[Annotator "RC"]
[ECO "A49"]
[WhiteElo "2415"]
[BlackElo "2450"]
[PlyCount "22"]
[EventDate "2024.07.31"]
[EventCountry "GBR"]
[SourceTitle "playchess.com"]
[Source "ChessBase"]
[SourceQuality "1"]
[TimeControl "40/5400+30:1800+30"]

1. d4 Nf6 2. Nf3 g6 3. g3 Bg7 4. Bg2 d6 5. O-O O-O 6. Nc3 c6 7. e4 Bg4 8. h3 Bxf3 9. Qxf3 Nfd7 10. Be3 Qb6 11. Qd1 Qxb2 1/2-1/2

[Event "British Championship 2024"]
[Site "Hull"]
[Date "2024.08.01"]
[Round "6.17"]
[White "Villiers, Thomas"]
[Black "Willow, Jonah B"]
[Result "1/2-1/2"]
[Annotator "RC"]
[ECO "D30"]
[WhiteElo "2229"]
[BlackElo "2422"]
[PlyCount "44"]
[EventDate "2024.07.31"]
[EventCountry "GBR"]
[SourceTitle "playchess.com"]
[Source "ChessBase"]
[SourceQuality "1"]
[TimeControl "40/5400+30:1800+30"]

1. d4 Nf6 2. c4 e6 3. Nf3 d5 4. e3 Nbd7 5. Nbd2 a6 6. Be2 b6 7. O-O Bb7 8. b3 Bd6 9. Bb2 O-O 10. Qc2 Rc8 11. Rac1 c5 12. Qb1 Re8 13. Rfd1 Qe7 14. Ne5 Nf8 15. Bf3 Ng6 16. Nxg6 hxg6 17. h3 cxd4 18. Bxd4 e5 19. Bb2 Bb8 20. cxd5 Nxd5 21. Rxc8 Rxc8 22. Nc4 Nc3 1/2-1/2

[Event "British Championship 2024"]
[Site "Hull"]
[Date "2024.08.01"]
[Round "6.18"]
[White "Sivanandan, Bodhana"]
[Black "Motwani, Paul"]
[Result "1/2-1/2"]
[Annotator "RC"]
[ECO "B27"]
[WhiteElo "2110"]
[BlackElo "2414"]
[PlyCount "118"]
[EventDate "2024.07.31"]
[EventCountry "GBR"]
[SourceTitle "playchess.com"]
[Source "ChessBase"]
[SourceQuality "1"]
[TimeControl "40/5400+30:1800+30"]

1. e4 c5 2. Nf3 g6 3. c3 Bg7 4. d4 cxd4 5. cxd4 d5 6. e5 Nc6 7. Nc3 Bg4 8. Bb5 e6 9. h3 Bxf3 10. Qxf3 Nge7 11. O-O O-O 12. Be3 f6 13. exf6 Bxf6 14. Qg4 Nf5 15. Bxc6 bxc6 16. Na4 Re8 17. Rac1 Rc8 18. Rfd1 Qe7 19. b3 Qg7 20. Nc5 h5 21. Qf4 e5 22. dxe5 Bxe5 23. Qf3 Nxe3 24. fxe3 Rf8 25. Qe2 Rce8 26. Qd3 Kh7 27. e4 Bd6 28. Qc3 Qh6 29. Rf1 Be5 30. Qd3 Bf4 31. Rce1 Bd6 32. Nd7 Rxf1+ 33. Rxf1 Re7 34. Nf6+ Kg7 35. Qf3 Bc5+ 36. Kh1 Bd4 37. exd5 Qe3 38. d6 Qxf3 39. gxf3 Re2 40. Ne4 Rxa2 41. Rc1 Bb6 42. Rxc6 Kf7 43. Rc7+ Ke6 44. Rg7 Kf5 45. Rf7+ Ke5 46. Rf8 h4 47. Rf7 Rb2 48. d7 Rxb3 49. Kg2 Rb1 50. Rf6 Rd1 51. Rc6 Rxd7 52. Rxg6 Be3 53. Kf1 Bf4 54. Ke2 Rb7 55. Rg4 Rb2+ 56. Kd3 Rb3+ 57. Ke2 Rb2+ 58. Kd3 Rb3+ 59. Ke2 Rb2+ 1/2-1/2

[Event "British Championship 2024"]
[Site "Hull"]
[Date "2024.08.01"]
[Round "6.19"]
[White "Wells, Peter K"]
[Black "Shafi, Declan"]
[Result "1-0"]
[Annotator "RC"]
[ECO "A16"]
[WhiteElo "2354"]
[BlackElo "2222"]
[PlyCount "53"]
[EventDate "2024.07.31"]
[EventCountry "GBR"]
[SourceTitle "playchess.com"]
[Source "ChessBase"]
[SourceQuality "1"]
[TimeControl "40/5400+30:1800+30"]

1. Nf3 Nf6 2. c4 g6 3. Nc3 Bg7 4. e4 e5 5. Nxe5 O-O 6. Nf3 Re8 7. d3 d5 8. cxd5 Nxd5 9. Nxd5 Qxd5 10. Be2 Qd6 11. O-O c5 12. Be3 Nc6 13. Qa4 Bd7 14. Qa3 b6 15. Rfd1 Bg4 16. d4 Rxe4 17. dxc5 Qe7 18. Rac1 b5 19. h3 b4 20. Qa6 Rxe3 21. fxe3 Qxe3+ 22. Kh1 Re8 23. Qxc6 Bxb2 24. Rc2 Bc3 25. hxg4 h5 26. Bc4 Kg7 27. Re2 1-0

[Event "British Championship 2024"]
[Site "Hull"]
[Date "2024.08.01"]
[Round "6.20"]
[White "Eggleston, David J"]
[Black "Southcott-Moyers, Indy"]
[Result "1-0"]
[Annotator "RC"]
[ECO "C54"]
[WhiteElo "2335"]
[BlackElo "2182"]
[PlyCount "97"]
[EventDate "2024.07.31"]
[EventCountry "GBR"]
[SourceTitle "playchess.com"]
[Source "ChessBase"]
[SourceQuality "1"]
[TimeControl "40/5400+30:1800+30"]

1. e4 e5 2. Nf3 Nc6 3. Bc4 Bc5 4. c3 Nf6 5. d3 d6 6. O-O O-O 7. h3 h6 8. Re1 a5 9. Nbd2 Be6 10. Bb5 Qb8 11. Nf1 Qa7 12. Qe2 Ne7 13. Nh4 c6 14. Ba4 Ng6 15. Nf5 b5 16. Bc2 Ne7 17. N1g3 Nxf5 18. exf5 Bd7 19. Rf1 a4 20. Bd2 Rae8 21. b4 Bb6 22. Ne4 Nxe4 23. dxe4 f6 24. Rad1 Rd8 25. Bc1 Be8 26. Rd3 Bf7 27. Rg3 Bc4 28. Bd3 Bxd3 29. Qxd3 Kh8 30. c4 bxc4 31. Qxc4 d5 32. Qe2 Rd7 33. Qh5 Qb8 34. exd5 cxd5 35. Rg6 Rff7 36. Qh4 Qd8 37. Bd2 Bd4 38. Rc1 e4 39. Rc6 Rde7 40. b5 e3 41. Qxd4 Re4 42. Qd3 exd2 43. Qxd2 Qb8 44. b6 Rb7 45. g3 Rxb6 46. Rxh6+ gxh6 47. Qxh6+ Kg8 48. Qg6+ Kh8 49. Qxf6+ 1-0

[Event "British Championship 2024"]
[Site "Hull"]
[Date "2024.08.01"]
[Round "6.21"]
[White "Wu, Li"]
[Black "Hryshchenko, Kamila"]
[Result "1-0"]
[Annotator "RC"]
[ECO "B06"]
[WhiteElo "2328"]
[BlackElo "2161"]
[PlyCount "91"]
[EventDate "2024.07.31"]
[EventCountry "GBR"]
[SourceTitle "playchess.com"]
[Source "ChessBase"]
[SourceQuality "1"]
[TimeControl "40/5400+30:1800+30"]

1. d4 g6 2. e4 d6 3. Nf3 Bg7 4. Be2 Nd7 5. O-O h6 6. a4 c6 7. Nc3 e5 8. dxe5 dxe5 9. Bc4 Ngf6 10. h3 O-O 11. Qd6 Re8 12. Be3 Qe7 13. Qxe7 Rxe7 14. a5 Ne8 15. Rfd1 Bf8 16. b4 Nc7 17. Na4 Re8 18. Rab1 Nf6 19. Nd2 Be6 20. f3 Red8 21. Bxe6 Nxe6 22. c3 b5 23. axb6 axb6 24. Nxb6 Ra3 25. Ndc4 Rxd1+ 26. Rxd1 Rxc3 27. Bd2 Rb3 28. Na5 Rd3 29. Nxc6 Nd8 30. Nxe5 Rd4 31. Kf2 Bxb4 32. Ke2 Ne6 33. Bxh6 Nxe4 34. Rxd4 Ng3+ 35. Kd3 Nxd4 36. Nd5 Kh7 37. Nxb4 f6 38. Nc4 Nxf3 39. Bd2 Nxd2 40. Nxd2 Nh5 41. Ke4 Kh6 42. Nd5 f5+ 43. Ke5 Ng3 44. Nf3 Kh5 45. Nf4+ Kh6 46. Nh4 1-0